 Dungeon Crawl Stone Soup version 0.19.0-19-g8c6edcc (webtiles) character file.

135 nikopol the Skirmisher (level 5, -6/34 HPs)
             Began as a Gargoyle Berserker on Nov 14, 2016.
             Was a Believer of Trog.
             Killed by divine providence
             ... invoked by an orc priest
              (8 damage)
             ... on level 3 of the Dungeon.
             The game lasted 00:06:06 (2392 turns).

nikopol the Skirmisher (Gargoyle Berserker)         Turns: 2392, Time: 00:06:08

Health: -6/34      AC: 12    Str: 20    XL:     5   Next: 18%
Magic:  5/5        EV: 11    Int:  8    God:    Trog [**....]
Gold:   111        SH:  0    Dex: 10    Spells: 0 memorised, 4 levels left

rFire  . . .     SeeInvis .     a - +0 hand axe
rCold  . . .     Gourm    .     n - +0 ring mail
rNeg   + . .     Faith    .     (no shield)
rPois  ∞         Spirit   .     j - +0 helmet
rElec  +         Reflect  .     e - +0 cloak
rCorr  +         Harm     .     (no gloves)
MR     ++...                    (no boots)
Stlth  ..........               (no amulet)
                                (no ring)
                                l - ring of resist corrosion

@: exhausted, regenerating, slowed, very slow
A: negative energy resistance 1, electricity resistance, unbreathing,
petrification resistance, rot immunity, AC +4
a: Berserk, Trog's Hand, Burn Spellbooks, Renounce Religion


You were on level 3 of the Dungeon.
You worshipped Trog.
Trog was pleased with you.
You were very hungry.

You visited 1 branch of the dungeon, and saw 3 of its levels.

You collected 111 gold pieces.

Inventory:

Hand Weapons
 a - a +0 hand axe (weapon)
Missiles
 k - 41 arrows
Armour
 b - a +0 animal skin
 e - a +0 cloak (worn)
 g - a +0 leather armour
 j - a +0 helmet (worn)
 n - a +0 ring mail (worn)
Jewellery
 l - a ring of resist corrosion (left hand)
 y - an uncursed ring of protection from cold {unknown}
Scrolls
 f - 5 scrolls of identify {unknown}
 h - a scroll of fog {unknown}
 m - a scroll of blinking {unknown}
 v - a scroll of teleportation {unknown}
Potions
 d - a potion of agility {unknown}
 i - a potion of heal wounds {unknown}
 o - 2 potions of curing {unknown}
 r - 2 potions of ambrosia {unknown}
 t - a potion of magic {unknown}
 u - a potion of lignification {unknown}
 w - a potion of degeneration {unknown}
 x - a potion of flight {unknown}
Comestibles
 c - 2 bread rations
 p - 7 fruits
 q - 2 chunks of flesh
 s - a beef jerky
 z - a meat ration


   Skills:
 + Level 4.3 Fighting
 + Level 3.3 Axes
 + Level 3.3 Armour
 + Level 2.5 Dodging


You had 4 spell levels left.
You didn't know any spells.

Dungeon Overview and Level Annotations

Branches:
Dungeon (3/15)

Altars:
Cheibriados
Kikubaaqudgha
Trog


Innate Abilities, Weirdness & Mutations

You are resistant to torment.
Your stone body is resilient. (AC +4)
You are immune to poison.
You resist negative energy. (rN+)
You are resistant to electric shocks. (rElec)
You can survive without breathing.
You are immune to petrification.
You are immune to rotting.


Message History

The frilled lizard hisses.
Something hits you but does no damage. The orc priest misses you.
Some of the chunks of flesh in your inventory have rotted away.
Something hits you but does no damage.
The orc priest calls down the wrath of Beogh upon you.
Beogh smites you!
* * * LOW HITPOINT WARNING * * *
The orc priest begins to cast a cantrip, but forgets the words!
Something hits you but does no damage.
The orc priest calls down the wrath of Beogh upon you.
You hear some strange, mumbled words.
A puff of frost appears from out of thin air!
The puff of frost hits you!
* * * LOW HITPOINT WARNING * * *
A magic dart appears from out of thin air!
The magic dart hits you!
* * * LOW HITPOINT WARNING * * *
The orc priest calls down the wrath of Beogh upon you.
Beogh smites you!
You die...

#....†. #......
#### #...... #..##
##......
##...#####.......
##..#.............
#..######.########
#.## #..# #@# #...
#.# ..### #.# #.#
##g# .. #o.# ..#
#l## # #)####.####
#†.........
#..........


You could see an orc priest, a goblin and a frilled lizard.

Vanquished Creatures
  2 gnolls (D:3)
  6 adders
  A worm (D:3)
  A leopard gecko (D:1)
  2 orcs (D:3)
  2 giant cockroaches (D:3)
  11 goblins
  4 hobgoblins
  A ball python (D:3)
  7 bats
  3 frilled lizards
  11 kobolds
  7 rats
58 creatures vanquished.

Notes
Turn   | Place    | Note
-------+----------+-------------------------------------------
     0 | D:1      | nikopol the Gargoyle Berserker began the quest for the Orb.
     0 | D:1      | Reached XP level 1. HP: 14/14 MP: 1/1
   279 | D:1      | Reached XP level 2. HP: 14/19 MP: 2/2
   929 | D:2      | Reached XP level 3. HP: 19/24 MP: 3/3
  1076 | D:2      | Reached ** piety under Trog
  1094 | D:2      | Found a bloodstained altar of Trog.
  1341 | D:2      | Found an ancient bone altar of Kikubaaqudgha.
  1394 | D:2      | Reached skill level 4 in Fighting
  1452 | D:2      | Reached XP level 4. HP: 28/29 MP: 4/4
  2201 | D:3      | Found a snail-covered altar of Cheibriados.
  2255 | D:3      | Reached XP level 5. HP: 32/34 MP: 5/5
  2392 | D:3      | Killed from afar by an orc priest

Skill      XL: |  1  2  3  4 |
---------------+-------------+-----
Dodging        | 2 |  2.5
Axes           | 3 |  3.3
Fighting       | 4 |  4.3
Armour         | 3 |  3.3

Action                   |  1- 3 |  4- 6 || total
-------------------------+-------+-------++-------
Melee: Hand axe          |   108 |   102 ||   210
Invok: Berserk           |       |     1 ||     1
       Trog's Hand       |       |     1 ||     1
  Eat: Chunk             |     2 |     3 ||     5
Armor: Animal skin       |     9 |       ||     9
       Leather armour    |     7 |       ||     7
       Ring mail         |    37 |    59 ||    96
Dodge: Dodged            |    83 |    63 ||   146
